Knights vs Manchots
(R1)
Created - 27 décembre 2013 at 23:45
Goals
|
| Knights |
2 |
2 |
1 |
5 |
| Manchots |
1 |
3 |
2 |
6 |
|
Shots
|
| Knights |
7 |
12 |
17 |
36 |
| Manchots |
9 |
8 |
9 |
26 |
|
1st period
1. Knights , Nathan Gerbe 20 (Gustav Nyquist, Tomas Kundratek) at 12:23
2. Manchots , Steven Stamkos 25 (Tyler Ennis, Petr Sykora) at 14:52 (PP)
3. Knights , Chris Thorburn 15 (Peter Mueller) at 17:45
Penalties :
Steven Stamkos (Out) for Holding Stick (Minor) at 0:13, Bryan Allen (Out) for High sticking (Minor) at 4:29, Pernell Karl Subban (Out) for Hooking (Minor) at 8:57, Nathan Gerbe (Lon) for Elbowing (Minor) at 14:16
2nd period
4. Manchots , Steven Stamkos 26 (Bryan Allen) at 2:16 (PP)
5. Knights , Kyle Greentree 18 (Eric Fehr, Nathan Gerbe) at 9:25 (PP)
6. Manchots , Logan Couture 8 (Jamie Benn, Alexander Radulov) at 11:55 (PP)
7. Manchots , Martin Hanzal 18 (Pernell Karl Subban) at 16:47
8. Knights , Garnet Exelby 2 (Mats Zuccarello, Chris Thorburn) at 19:29 (PP)
Penalties :
Niklas Hjalmarsson (Lon) for Elbowing (Minor) at 1:59, Eric Tangradi (Out) for High sticking (Minor) at 9:12, Colton Gillies (Lon) for Slashing (Minor) at 10:14, Petr Sykora (Out) for Holding Stick (Minor) at 14:24, Nikita Nikitin (Lon) for Interference (Minor) at 14:24, Martin Hanzal (Out) for Holding (Minor) at 17:54
3rd period
9. Manchots , Ben Eager 2 (Riley Armstrong, Eric Gryba) at 11:15
10. Knights , Chris Thorburn 16 (Eric Fehr) at 11:57
11. Manchots , Logan Couture 9 (Bryan Allen, Steven Stamkos) at 15:51
Penalties :
Martin Hanzal (Out) for Holding (Minor) at 5:55, Stanislav Neckar (Out) for Hooking (Minor) at 11:39, Nathan Gerbe (Lon) for Roughing (Minor) at 11:39, Tyler Ennis (Out) for Cross-checking (Minor) at 15:43, Colton Gillies (Lon) for Holding (Minor) at 15:43
Goalie Stats
Jonas Gustavsson (Lon), 20 saves from 26 shots - (0,769), L, 11-10-2, 59:01 minutes
Sebastien Caron (Out), 31 saves from 36 shots - (0,861), W, 15-7-3, 60:00 minutes
Players Stats for Knights
Player Name G A P +/- PIM S H SB GA TA FO MP PP MP PK MP
------------------------------------------------------------------------------------
A.J. Jenks 0 0 0 0 0 0 0 0 0 0 0/0 5:57 0:00 0:00
Chris Thorburn 2 1 3 1 0 4 1 0 0 0 0/0 19:40 3:59 1:40
Colton Gillies 0 0 0 0 4 4 0 1 0 0 0/0 10:27 0:00 0:00
Eric Fehr 0 2 2 0 0 1 3 0 1 0 7/13 25:52 5:29 1:59
Garnet Exelby 1 0 1 0 0 3 2 2 0 3 0/0 28:55 5:37 1:55
Gustav Nyquist 0 1 1 0 0 0 0 0 0 0 0/0 6:45 0:09 0:18
Joe Colborne 0 0 0 0 0 0 2 0 0 0 1/1 5:57 0:00 0:00
Kyle Greentree 1 0 1 -1 0 6 2 0 2 3 3/3 22:21 5:29 0:54
Marco Scandella 0 0 0 -1 0 0 0 0 0 1 0/0 11:27 0:00 0:00
Mats Zuccarello 0 1 1 1 0 1 3 0 0 1 2/2 14:07 3:59 0:00
Nathan Gerbe 1 1 2 -1 4 8 1 0 3 0 17/36 21:28 5:29 0:17
Nick Palmieri 0 0 0 -1 0 1 2 2 0 0 0/0 12:10 0:16 0:00
Nikita Nikitin 0 0 0 1 2 1 1 0 0 0 0/0 19:38 4:07 0:39
Niklas Hjalmarsson 0 0 0 0 2 4 3 0 1 2 0/0 28:37 5:37 1:38
Patrick Wiercioch 0 0 0 -1 0 1 0 0 0 0 0/0 11:00 0:00 0:17
Peter Mueller 0 1 1 1 0 1 1 0 0 1 3/10 14:17 4:06 0:00
Tomas Kundratek 0 1 1 1 0 0 0 2 0 0 0/0 20:22 4:07 0:39
Zack Hamill 0 0 0 0 0 1 1 0 0 0 3/5 12:23 0:16 0:00
Players Stats for Manchots
Player Name G A P +/- PIM S H SB GA TA FO MP PP MP PK MP
------------------------------------------------------------------------------------
Aaron Ward 0 0 0 0 0 1 1 1 1 1 0/0 22:08 0:21 5:10
Alexander Radulov 0 1 1 0 0 1 1 0 0 0 1/1 14:08 1:21 0:00
Ben Eager 1 0 1 1 0 1 0 1 3 0 0/0 9:25 0:00 0:57
Bryan Allen 0 2 2 2 2 0 1 0 0 0 0/0 21:08 2:13 4:15
Derek Joslin 0 0 0 0 0 0 1 0 0 0 0/0 1:14 0:00 0:51
Eric Gryba 0 1 1 1 0 0 1 0 0 0 0/0 14:37 0:00 3:55
Eric Tangradi 0 0 0 0 2 0 0 0 0 0 0/0 5:58 0:00 0:00
Jamie Benn 0 1 1 0 0 1 1 0 0 0 3/4 13:27 1:21 0:00
Logan Couture 2 0 2 1 0 4 3 0 1 0 10/21 18:29 1:21 2:04
Martin Hanzal 1 0 1 0 4 2 1 1 0 1 2/7 13:01 0:00 2:12
Mathieu Dandenault 0 0 0 -1 0 1 4 0 0 0 0/0 9:57 0:00 0:00
Michael Del Zotto 0 0 0 0 0 1 1 0 0 0 0/0 13:20 0:21 0:00
Pernell Karl Subban 0 1 1 -1 2 1 1 2 2 1 0/0 25:48 2:13 0:39
Petr Sykora 0 1 1 1 2 4 1 1 1 1 1/1 20:09 1:13 5:27
Riley Armstrong 0 1 1 0 0 2 1 2 0 0 9/15 12:32 0:00 5:25
Ruslan Fedotenko 0 0 0 -1 0 1 2 1 1 0 0/0 14:25 0:00 3:20
Stanislav Neckar 0 0 0 -2 2 0 1 1 1 3 0/0 21:57 0:00 4:38
Steven Stamkos 2 1 3 0 2 6 1 0 1 0 7/18 16:59 1:13 0:03
Tyler Ennis 0 1 1 -1 2 0 3 0 0 0 1/3 15:28 1:13 0:00
3 Stars
1 - Chris Thorburn (Lon)
2 - Logan Couture (Out)
3 - Steven Stamkos (Out)
Power Play
Knights - 2 on 6 Attempt(s) - 33,33%
Manchots - 3 on 3 Attempt(s) - 100,00%
Penalty Kill
Knights - 0 on 3 Attempt(s) - 0,00%
- Score 0 goal in Penalty Kill
Manchots - 4 on 6 Attempt(s) - 66,67%
- Score 0 goal in Penalty Kill
Official
Referees : Walkom Stephen and Marouelli Dan
Linesman : Steve Barton and Tony Sericolo
Game Notes
No Game Note
Finance
Level 1 -- Attendance: 1444 (72,20%) -- Ticket Income 57 760 $
Level 2 -- Attendance: 700 (70,00%) -- Ticket Income 14 000 $
Total Attendance: 2144 (71,47%)
Total Ticket Income: 71 760 $
Other Income: 3 588 $
Total Income: 75 348 $
Knights
5 vs 5 Forward
Center Left Wing Right Wing Time % Phy DF OF
1 Nathan Gerbe Kyle Greentree Eric Fehr 40 1 2 2
2 Peter Mueller Mats Zuccarello Chris Thorburn 30 1 2 2
3 Zack Hamill Colton Gillies Nick Palmieri 20 1 2 2
4 Joe Colborne A.J. Jenks Gustav Nyquist 10 1 2 2
5 vs 5 Defense
Defense Defense Time % Phy DF OF
1 Garnet Exelby Niklas Hjalmarsson 40 1 2 2
2 Nikita Nikitin Tomas Kundratek 30 1 2 2
3 Marco Scandella Patrick Wiercioch 20 1 2 2
4 Garnet Exelby Niklas Hjalmarsson 10 1 2 2
PowerPlay Forward
Center Left Wing Right Wing Time % Phy DF OF
1 Nathan Gerbe Kyle Greentree Eric Fehr 60 1 2 2
2 Peter Mueller Mats Zuccarello Chris Thorburn 40 1 2 2
PowerPlay Defense
Defense Defense Time % Phy DF OF
1 Garnet Exelby Niklas Hjalmarsson 60 1 2 2
2 Nikita Nikitin Tomas Kundratek 40 1 2 2
Penalty Kill 4 Players Forward
Center Wing Time % Phy DF OF
1 Eric Fehr Chris Thorburn 60 1 2 2
2 Nathan Gerbe Kyle Greentree 40 1 2 2
Penalty Kill 4 Players Defense
Defense Defense Time % Phy DF OF
1 Garnet Exelby Niklas Hjalmarsson 60 1 2 2
2 Nikita Nikitin Tomas Kundratek 40 1 2 2
Penalty Kill - 3 Players Forward
Forward Time % Phy DF OF
1 Eric Fehr 60 1 2 2
2 Chris Thorburn 40 1 2 2
Penalty Kill - 3 Players Defense
Defense Defense Time % Phy DF OF
1 Garnet Exelby Niklas Hjalmarsson 60 1 2 2
2 Nikita Nikitin Tomas Kundratek 40 1 2 2
4 vs 4 Forward
Center Wing Time % Phy DF OF
1 Eric Fehr Chris Thorburn 60 1 2 2
2 Nathan Gerbe Kyle Greentree 40 1 2 2
4 vs 4 Defense
Defense Defense Time % Phy DF OF
1 Garnet Exelby Niklas Hjalmarsson 60 1 2 2
2 Nikita Nikitin Tomas Kundratek 40 1 2 2
Last Minutes Offensive
Center Left Wing Right Wing Defense Defense
Nathan Gerbe Kyle Greentree Eric Fehr Garnet Exelby Niklas Hjalmarsson
Last Minutes Defensive
Center Left Wing Right Wing Defense Defense
Nathan Gerbe Kyle Greentree Eric Fehr Garnet Exelby Niklas Hjalmarsson
Goaltenders
Starting : Jonas Gustavsson
Backup : Dany Sabourin
Extra Forwards
Normal : Zack Hamill, Nick Palmieri, Gustav Nyquist - PP : Zack Hamill, Nick Palmieri - PK : Gustav Nyquist
Extra Defensemen
Normal : Marco Scandella, Patrick Wiercioch, Nikita Nikitin - PP : Marco Scandella - PK : Patrick Wiercioch, Nikita Nikitin
Penalty Shots
Eric Fehr, Chris Thorburn, Nathan Gerbe, Kyle Greentree, Mats Zuccarello
Manchots
5 vs 5 Forward
Center Left Wing Right Wing Time % Phy DF OF
1 Steven Stamkos Tyler Ennis Alexander Radulov 40 1 1 3
2 Logan Couture Jamie Benn Petr Sykora 38 1 1 3
3 Martin Hanzal Ruslan Fedotenko Mathieu Dandenault 21 1 1 3
4 Riley Armstrong Ben Eager Eric Tangradi 1 1 2 2
5 vs 5 Defense
Defense Defense Time % Phy DF OF
1 Pernell Karl Subban Stanislav Neckar 40 1 1 3
2 Aaron Ward Michael Del Zotto 29 1 1 3
3 Bryan Allen Eric Gryba 18 1 2 2
4 Pernell Karl Subban Aaron Ward 13 1 1 3
PowerPlay Forward
Center Left Wing Right Wing Time % Phy DF OF
1 Steven Stamkos Tyler Ennis Petr Sykora 60 1 1 3
2 Logan Couture Jamie Benn Alexander Radulov 40 1 1 3
PowerPlay Defense
Defense Defense Time % Phy DF OF
1 Bryan Allen Pernell Karl Subban 60 1 1 3
2 Michael Del Zotto Aaron Ward 40 1 1 3
Penalty Kill 4 Players Forward
Center Wing Time % Phy DF OF
1 Riley Armstrong Petr Sykora 60 1 3 1
2 Martin Hanzal Ruslan Fedotenko 40 1 3 1
Penalty Kill 4 Players Defense
Defense Defense Time % Phy DF OF
1 Bryan Allen Aaron Ward 60 1 3 1
2 Stanislav Neckar Eric Gryba 40 1 3 1
Penalty Kill - 3 Players Forward
Forward Time % Phy DF OF
1 Mathieu Dandenault 60 1 3 1
2 Ruslan Fedotenko 40 1 3 1
Penalty Kill - 3 Players Defense
Defense Defense Time % Phy DF OF
1 Aaron Ward Bryan Allen 60 1 3 1
2 Eric Gryba Stanislav Neckar 40 1 3 1
4 vs 4 Forward
Center Wing Time % Phy DF OF
1 Steven Stamkos Tyler Ennis 60 1 1 3
2 Logan Couture Alexander Radulov 40 1 1 3
4 vs 4 Defense
Defense Defense Time % Phy DF OF
1 Pernell Karl Subban Bryan Allen 60 1 1 3
2 Michael Del Zotto Aaron Ward 40 1 1 3
Last Minutes Offensive
Center Left Wing Right Wing Defense Defense
Steven Stamkos Tyler Ennis Alexander Radulov Michael Del Zotto Pernell Karl Subban
Last Minutes Defensive
Center Left Wing Right Wing Defense Defense
Riley Armstrong Ruslan Fedotenko Petr Sykora Aaron Ward Stanislav Neckar
Goaltenders
Starting : Sebastien Caron
Backup : Anders Lindback
Extra Forwards
Normal : Logan Couture, Steven Stamkos, Tyler Ennis - PP : Martin Hanzal, Steven Stamkos - PK : Ruslan Fedotenko
Extra Defensemen
Normal : Stanislav Neckar, Pernell Karl Subban, Aaron Ward - PP : Michael Del Zotto - PK : Stanislav Neckar, Aaron Ward
Penalty Shots
Ruslan Fedotenko, Tyler Ennis, Petr Sykora, Alexander Radulov, Martin Hanzal
% Time on Ice - Knights
Lines # - Real PCT - Wanted PCT - Time Play
Normal Forward
1 - 34% - 40% - 14:00
2 - 25% - 30% - 10:15
3 - 26% - 20% - 10:25
4 - 15% - 10% - 5:57
Normal Defense
1 - 38% - 40% - 15:16
2 - 34% - 30% - 13:55
3 - 26% - 20% - 10:43
4 - 2% - 10% - 0:43
PP Forward
1 - 58% - 60% - 5:38
2 - 42% - 40% - 4:06
PP Defense
1 - 58% - 60% - 5:37
2 - 42% - 40% - 4:07
PK Forward
1 - 89% - 60% - 2:17
2 - 11% - 40% - 0:17
PK Defense
1 - 75% - 60% - 1:55
2 - 25% - 40% - 0:39
PK3 Forward
1 - 0% - 60%
2 - 0% - 40%
PK3 Defense
1 - 0% - 60%
2 - 0% - 40%
44 Forward
1 - 80% - 60% - 4:44
2 - 20% - 40% - 1:13
44 Defense
1 - 72% - 60% - 4:16
2 - 28% - 40% - 1:41
Last Minute Offensive - 1:08
Last Minute Defensive - 0:00
Total
Forward - 60:00
Defense - 60:00
|
% Time on Ice - Manchots
Lines # - Real PCT - Wanted PCT - Time Play
Normal Forward
1 - 31% - 40% - 12:43
2 - 29% - 38% - 11:58
3 - 24% - 21% - 9:57
4 - 15% - 1% - 5:59
Normal Defense
1 - 39% - 40% - 15:44
2 - 31% - 29% - 12:27
3 - 23% - 18% - 9:26
4 - 7% - 13% - 3:00
PP Forward
1 - 47% - 60% - 1:13
2 - 53% - 40% - 1:21
PP Defense
1 - 86% - 60% - 2:13
2 - 14% - 40% - 0:21
PK Forward
1 - 66% - 60% - 6:24
2 - 34% - 40% - 3:20
PK Defense
1 - 60% - 60% - 5:49
2 - 40% - 40% - 3:55
PK3 Forward
1 - 0% - 60%
2 - 0% - 40%
PK3 Defense
1 - 0% - 60%
2 - 0% - 40%
44 Forward
1 - 87% - 60% - 5:11
2 - 13% - 40% - 0:46
44 Defense
1 - 70% - 60% - 4:09
2 - 30% - 40% - 1:48
Last Minute Offensive - 0:00
Last Minute Defensive - 1:08
Total
Forward - 60:00
Defense - 60:00
|
Play by Play
1st period
0:01 of 1st period - Nathan Gerbe wins face-off versus Steven Stamkos in neutral zone.
0:13 of 1st period - Minor Penalty to Steven Stamkos for Holding Stick.
0:14 of 1st period - Nathan Gerbe wins face-off versus Riley Armstrong in Manchots zone.
0:29 of 1st period - Wrist shot by Nathan Gerbe.
0:29 of 1st period - Stopped by Sebastien Caron without a rebound.
0:30 of 1st period - Peter Mueller wins face-off versus Martin Hanzal in Manchots zone.
0:55 of 1st period - Kyle Greentree is hit by Stanislav Neckar and loses puck.
1:21 of 1st period - Garnet Exelby is hit by Martin Hanzal and loses puck.
2:13 of 1st period - Penalty to Steven Stamkos is over, Steven Stamkos is back on ice.
2:30 of 1st period - Michael Del Zotto is hit by Niklas Hjalmarsson and loses puck.
3:01 of 1st period - Wrist shot by Ruslan Fedotenko.
3:01 of 1st period - Stopped by Jonas Gustavsson with a rebound.
3:07 of 1st period - Slapshot by Martin Hanzal.
3:07 of 1st period - Shot Blocked by Nick Palmieri.
3:09 of 1st period - Slapshot by Aaron Ward.
3:09 of 1st period - Stopped by Jonas Gustavsson with a rebound.
4:10 of 1st period - Eric Fehr is hit by Ruslan Fedotenko.
4:29 of 1st period - Minor Penalty to Bryan Allen for High sticking.
4:30 of 1st period - Peter Mueller wins face-off versus Riley Armstrong in Manchots zone.
4:31 of 1st period - Snap shot by Chris Thorburn.
4:31 of 1st period - Stopped by Sebastien Caron without a rebound.
4:32 of 1st period - Riley Armstrong wins face-off versus Peter Mueller in Manchots zone.
6:29 of 1st period - Penalty to Bryan Allen is over, Bryan Allen is back on ice.
6:45 of 1st period - Snap shot by Steven Stamkos.
6:45 of 1st period - Stopped by Jonas Gustavsson with a rebound.
8:15 of 1st period - Aaron Ward is hit by Eric Fehr and loses puck.
8:26 of 1st period - Mats Zuccarello is hit by Tyler Ennis and loses puck.
8:37 of 1st period - Bryan Allen is hit by Peter Mueller and loses puck.
8:56 of 1st period - Wrist shot by Gustav Nyquist.
8:56 of 1st period - Shot Misses the Net.
8:57 of 1st period - Minor Penalty to Pernell Karl Subban for Hooking.
8:58 of 1st period - Kyle Greentree wins face-off versus Riley Armstrong in Manchots zone.
10:57 of 1st period - Penalty to Pernell Karl Subban is over, Pernell Karl Subban is back on ice.
11:06 of 1st period - Gustav Nyquist is hit by Alexander Radulov and loses puck.
11:15 of 1st period - Nikita Nikitin is hit by Derek Joslin and loses puck.
11:41 of 1st period - Nikita Nikitin is hit by Logan Couture and loses puck.
12:23 of 1st period - Wrist shot by Nathan Gerbe.
12:23 of 1st period - Deflect By Stanislav Neckar.
12:23 of 1st period - Goal by Nathan Gerbe - Knights : 1 - Manchots : 0.
12:24 of 1st period - Nathan Gerbe wins face-off versus Steven Stamkos in neutral zone.
12:27 of 1st period - Snap shot by Nathan Gerbe.
12:27 of 1st period - Stopped by Sebastien Caron without a rebound.
12:28 of 1st period - Nathan Gerbe wins face-off versus Steven Stamkos in Manchots zone.
12:54 of 1st period - Off-side.
12:55 of 1st period - Mats Zuccarello wins face-off versus Logan Couture in neutral zone.
13:42 of 1st period - Off-side.
13:43 of 1st period - Zack Hamill wins face-off versus Martin Hanzal in neutral zone.
14:16 of 1st period - Minor Penalty to Nathan Gerbe for Elbowing.
14:17 of 1st period - Steven Stamkos wins face-off versus Eric Fehr in Knights zone.
14:30 of 1st period - Snap shot by Petr Sykora.
14:30 of 1st period - Stopped by Jonas Gustavsson without a rebound.
14:31 of 1st period - Steven Stamkos wins face-off versus Eric Fehr in Knights zone.
14:36 of 1st period - Wrist shot by Petr Sykora.
14:36 of 1st period - Stopped by Jonas Gustavsson without a rebound.
14:37 of 1st period - Eric Fehr wins face-off versus Tyler Ennis in Knights zone.
14:52 of 1st period - Wrist shot by Steven Stamkos.
14:52 of 1st period - Goal by Steven Stamkos - Knights : 1 - Manchots : 1.
14:53 of 1st period - Nathan Gerbe wins face-off versus Logan Couture in neutral zone.
15:08 of 1st period - Wrist shot by Petr Sykora.
15:08 of 1st period - Stopped by Jonas Gustavsson without a rebound.
15:09 of 1st period - Alexander Radulov wins face-off versus Peter Mueller in Knights zone.
15:14 of 1st period - Snap shot by Steven Stamkos.
15:14 of 1st period - Shot Misses the Net.
15:36 of 1st period - Stanislav Neckar is hit by Niklas Hjalmarsson and loses puck.
16:14 of 1st period - Mathieu Dandenault is hit by Nikita Nikitin and loses puck.
16:27 of 1st period - Slapshot by Mathieu Dandenault.
16:27 of 1st period - Stopped by Jonas Gustavsson without a rebound.
16:28 of 1st period - Jamie Benn wins face-off versus Nathan Gerbe in Knights zone.
16:50 of 1st period - Icing by Petr Sykora.
16:51 of 1st period - Logan Couture wins face-off versus Peter Mueller in Manchots zone.
17:23 of 1st period - Nathan Gerbe is hit by Jamie Benn and loses puck.
17:31 of 1st period - Icing by Eric Fehr.
17:32 of 1st period - Kyle Greentree wins face-off versus Martin Hanzal in Knights zone.
17:32 of 1st period - Kyle Greentree is hit by Pernell Karl Subban.
17:38 of 1st period - Ruslan Fedotenko is hit by Mats Zuccarello and loses puck.
17:45 of 1st period - Snap shot by Chris Thorburn.
17:45 of 1st period - Goal by Chris Thorburn - Knights : 2 - Manchots : 1.
17:46 of 1st period - Logan Couture wins face-off versus Nathan Gerbe in neutral zone.
18:34 of 1st period - Marco Scandella is hit by Mathieu Dandenault and loses puck.
18:58 of 1st period - Snap shot by Riley Armstrong.
18:58 of 1st period - Stopped by Jonas Gustavsson with a rebound.
19:08 of 1st period - Slapshot by Zack Hamill.
19:08 of 1st period - Shot Misses the Net.
19:10 of 1st period - Snap shot by Colton Gillies.
19:10 of 1st period - Stopped by Sebastien Caron with a rebound.
19:16 of 1st period - Slapshot by Nick Palmieri.
19:16 of 1st period - Shot Misses the Net.
19:18 of 1st period - Snap shot by Colton Gillies.
19:18 of 1st period - Stopped by Sebastien Caron with a rebound.
19:34 of 1st period - Slapshot by Ben Eager.
19:34 of 1st period - Shot Misses the Net.
19:48 of 1st period - Snap shot by Zack Hamill.
19:48 of 1st period - Shot Misses the Net.
19:50 of 1st period - Slapshot by Marco Scandella.
19:50 of 1st period - Shot Misses the Net.
19:54 of 1st period - Wrist shot by Nick Palmieri.
19:54 of 1st period - Deflect By Zack Hamill.
19:54 of 1st period - Shot Misses the Net.
19:54 of 1st period - Puck is out of play.
19:55 of 1st period - Nathan Gerbe wins face-off versus Logan Couture in Manchots zone.
2nd period
0:01 of 2nd period - Kyle Greentree wins face-off versus Logan Couture in neutral zone.
0:48 of 2nd period - Joe Colborne is hit by Ruslan Fedotenko and loses puck.
1:13 of 2nd period - Nikita Nikitin is hit by Logan Couture and loses puck.
1:23 of 2nd period - Icing by Nathan Gerbe.
1:24 of 2nd period - Riley Armstrong wins face-off versus Nathan Gerbe in Knights zone.
1:59 of 2nd period - Minor Penalty to Niklas Hjalmarsson for Elbowing.
2:00 of 2nd period - Steven Stamkos wins face-off versus Eric Fehr in Knights zone.
2:16 of 2nd period - Wrist shot by Steven Stamkos.
2:16 of 2nd period - Goal by Steven Stamkos - Knights : 2 - Manchots : 2.
2:17 of 2nd period - Nathan Gerbe wins face-off versus Steven Stamkos in neutral zone.
2:52 of 2nd period - Wrist shot by Mats Zuccarello.
2:52 of 2nd period - Stopped by Sebastien Caron with a rebound.
3:10 of 2nd period - Snap shot by Riley Armstrong.
3:10 of 2nd period - Stopped by Jonas Gustavsson without a rebound.
3:11 of 2nd period - Riley Armstrong wins face-off versus Nathan Gerbe in Knights zone.
3:17 of 2nd period - Off-side.
3:18 of 2nd period - Nathan Gerbe wins face-off versus Steven Stamkos in neutral zone.
3:27 of 2nd period - Wrist shot by Kyle Greentree.
3:27 of 2nd period - Stopped by Sebastien Caron without a rebound.
3:28 of 2nd period - Steven Stamkos wins face-off versus Nathan Gerbe in Manchots zone.
3:33 of 2nd period - Wrist shot by Tyler Ennis.
3:33 of 2nd period - Shot Misses the Net.
3:53 of 2nd period - Wrist shot by Steven Stamkos.
3:53 of 2nd period - Shot Misses the Net.
4:03 of 2nd period - Snap shot by Eric Fehr.
4:03 of 2nd period - Stopped by Sebastien Caron without a rebound.
4:04 of 2nd period - Jamie Benn wins face-off versus Peter Mueller in Manchots zone.
4:04 of 2nd period - Jamie Benn is hit by Mats Zuccarello.
4:35 of 2nd period - Snap shot by Martin Hanzal.
4:35 of 2nd period - Shot Blocked by Nick Palmieri.
4:37 of 2nd period - Snap shot by Mathieu Dandenault.
4:37 of 2nd period - Shot Misses the Net.
4:55 of 2nd period - Nick Palmieri is hit by Aaron Ward.
5:03 of 2nd period - Snap shot by Steven Stamkos.
5:03 of 2nd period - Stopped by Jonas Gustavsson without a rebound.
5:04 of 2nd period - Nathan Gerbe wins face-off versus Logan Couture in Knights zone.
5:55 of 2nd period - Slapshot by Riley Armstrong.
5:55 of 2nd period - Shot Misses the Net.
5:57 of 2nd period - Slapshot by Pernell Karl Subban.
5:57 of 2nd period - Stopped by Jonas Gustavsson with a rebound.
6:01 of 2nd period - Wrist shot by Ben Eager.
6:01 of 2nd period - Shot Misses the Net.
6:03 of 2nd period - Slapshot by Ben Eager.
6:03 of 2nd period - Shot Misses the Net.
6:13 of 2nd period - Martin Hanzal is hit by Garnet Exelby and loses puck.
6:55 of 2nd period - Wrist shot by Niklas Hjalmarsson.
6:55 of 2nd period - Shot Misses the Net.
7:59 of 2nd period - Snap shot by Nathan Gerbe.
7:59 of 2nd period - Shot Misses the Net.
8:01 of 2nd period - Wrist shot by Kyle Greentree.
8:01 of 2nd period - Stopped by Sebastien Caron without a rebound.
8:02 of 2nd period - Logan Couture wins face-off versus Nathan Gerbe in Manchots zone.
8:58 of 2nd period - Zack Hamill is hit by Eric Gryba and loses puck.
9:12 of 2nd period - Minor Penalty to Eric Tangradi for High sticking.
9:13 of 2nd period - Riley Armstrong wins face-off versus Nathan Gerbe in Manchots zone.
9:13 of 2nd period - Riley Armstrong is hit by Nathan Gerbe.
9:25 of 2nd period - Snap shot by Kyle Greentree.
9:25 of 2nd period - Goal by Kyle Greentree - Knights : 3 - Manchots : 2.
9:26 of 2nd period - Logan Couture wins face-off versus Nathan Gerbe in neutral zone.
10:00 of 2nd period - Alexander Radulov is hit by Niklas Hjalmarsson and loses puck.
10:14 of 2nd period - Minor Penalty to Colton Gillies for Slashing.
10:15 of 2nd period - Eric Fehr wins face-off versus Tyler Ennis in Knights zone.
10:24 of 2nd period - Chris Thorburn is hit by Bryan Allen and loses puck.
11:25 of 2nd period - Slapshot by Bryan Allen.
11:25 of 2nd period - Shot Blocked by Garnet Exelby.
11:53 of 2nd period - Snap shot by Jamie Benn.
11:53 of 2nd period - Shot Misses the Net.
11:55 of 2nd period - Snap shot by Logan Couture.
11:55 of 2nd period - Deflect By Garnet Exelby.
11:55 of 2nd period - Goal by Logan Couture - Knights : 3 - Manchots : 3.
11:56 of 2nd period - Martin Hanzal wins face-off versus Peter Mueller in neutral zone.
12:21 of 2nd period - Slapshot by Zack Hamill.
12:21 of 2nd period - Shot Blocked by Riley Armstrong.
12:23 of 2nd period - Slapshot by Zack Hamill.
12:23 of 2nd period - Shot Misses the Net.
12:25 of 2nd period - Slapshot by Patrick Wiercioch.
12:25 of 2nd period - Stopped by Sebastien Caron without a rebound.
12:26 of 2nd period - Nathan Gerbe wins face-off versus Riley Armstrong in Manchots zone.
13:40 of 2nd period - Alexander Radulov is hit by Garnet Exelby and loses puck.
13:53 of 2nd period - Snap shot by Gustav Nyquist.
13:53 of 2nd period - Shot Misses the Net.
14:07 of 2nd period - Snap shot by Logan Couture.
14:07 of 2nd period - Stopped by Jonas Gustavsson without a rebound.
14:08 of 2nd period - Logan Couture wins face-off versus Nathan Gerbe in Knights zone.
14:24 of 2nd period - Minor Penalty to Petr Sykora for Holding Stick.
14:24 of 2nd period - Minor Penalty to Nikita Nikitin for Interference.
14:25 of 2nd period - Tyler Ennis wins face-off versus Eric Fehr in Knights zone.
14:26 of 2nd period - Slapshot by Steven Stamkos.
14:26 of 2nd period - Stopped by Jonas Gustavsson with a rebound.
14:32 of 2nd period - Bryan Allen is hit by Eric Fehr and loses puck.
15:11 of 2nd period - Wrist shot by Kyle Greentree.
15:11 of 2nd period - Shot Misses the Net.
15:15 of 2nd period - Snap shot by Kyle Greentree.
15:15 of 2nd period - Shot Misses the Net.
16:24 of 2nd period - Penalty to Petr Sykora is over, Petr Sykora is back on ice.
16:24 of 2nd period - Penalty to Nikita Nikitin is over, Nikita Nikitin is back on ice.
16:47 of 2nd period - Wrist shot by Martin Hanzal.
16:47 of 2nd period - Goal by Martin Hanzal - Knights : 3 - Manchots : 4.
16:48 of 2nd period - Logan Couture wins face-off versus Nathan Gerbe in neutral zone.
16:59 of 2nd period - Snap shot by Eric Fehr.
16:59 of 2nd period - Deflect By Kyle Greentree.
16:59 of 2nd period - Stopped by Sebastien Caron with a rebound.
17:01 of 2nd period - Wrist shot by Nathan Gerbe.
17:01 of 2nd period - Shot Misses the Net.
17:25 of 2nd period - Niklas Hjalmarsson is hit by Tyler Ennis and loses puck.
17:37 of 2nd period - Garnet Exelby is hit by Mathieu Dandenault and loses puck.
17:46 of 2nd period - Nick Palmieri is hit by Mathieu Dandenault and loses puck.
17:54 of 2nd period - Minor Penalty to Martin Hanzal for Holding.
17:55 of 2nd period - Nathan Gerbe wins face-off versus Riley Armstrong in Manchots zone.
18:08 of 2nd period - Snap shot by Kyle Greentree.
18:08 of 2nd period - Shot Blocked by Riley Armstrong.
18:10 of 2nd period - Wrist shot by Nathan Gerbe.
18:10 of 2nd period - Shot Misses the Net.
18:31 of 2nd period - Off-side.
18:32 of 2nd period - Logan Couture wins face-off versus Nathan Gerbe in neutral zone.
18:35 of 2nd period - Slapshot by Stanislav Neckar.
18:35 of 2nd period - Deflect By Logan Couture.
18:35 of 2nd period - Shot Misses the Net.
18:35 of 2nd period - Puck is out of play.
18:36 of 2nd period - Logan Couture wins face-off versus Nathan Gerbe in Knights zone.
19:19 of 2nd period - Wrist shot by Nathan Gerbe.
19:19 of 2nd period - Stopped by Sebastien Caron without a rebound.
19:20 of 2nd period - Peter Mueller wins face-off versus Logan Couture in Manchots zone.
19:25 of 2nd period - Slapshot by Mats Zuccarello.
19:25 of 2nd period - Shot Misses the Net.
19:27 of 2nd period - Snap shot by Mats Zuccarello.
19:27 of 2nd period - Shot Misses the Net.
19:29 of 2nd period - Slapshot by Garnet Exelby.
19:29 of 2nd period - Goal by Garnet Exelby - Knights : 4 - Manchots : 4.
19:30 of 2nd period - Nathan Gerbe wins face-off versus Jamie Benn in neutral zone.
19:37 of 2nd period - Snap shot by Nathan Gerbe.
19:37 of 2nd period - Stopped by Sebastien Caron with a rebound.
19:39 of 2nd period - Snap shot by Niklas Hjalmarsson.
19:39 of 2nd period - Stopped by Sebastien Caron with a rebound.
19:41 of 2nd period - Slapshot by Garnet Exelby.
19:41 of 2nd period - Stopped by Sebastien Caron with a rebound.
3rd period
0:01 of 3rd period - Steven Stamkos wins face-off versus Nathan Gerbe in neutral zone.
0:49 of 3rd period - Wrist shot by Nathan Gerbe.
0:49 of 3rd period - Shot Misses the Net.
1:09 of 3rd period - Snap shot by Martin Hanzal.
1:09 of 3rd period - Stopped by Jonas Gustavsson with a rebound.
1:15 of 3rd period - Slapshot by Niklas Hjalmarsson.
1:15 of 3rd period - Deflect By Aaron Ward.
1:15 of 3rd period - Stopped by Sebastien Caron with a rebound.
1:17 of 3rd period - Wrist shot by Nathan Gerbe.
1:17 of 3rd period - Shot Misses the Net.
1:19 of 3rd period - Slapshot by Nathan Gerbe.
1:19 of 3rd period - Shot Misses the Net.
1:21 of 3rd period - Slapshot by Garnet Exelby.
1:21 of 3rd period - Stopped by Sebastien Caron with a rebound.
1:23 of 3rd period - Wrist shot by Eric Fehr.
1:23 of 3rd period - Shot Blocked by Martin Hanzal.
1:25 of 3rd period - Snap shot by Nathan Gerbe.
1:25 of 3rd period - Stopped by Sebastien Caron with a rebound.
1:33 of 3rd period - Snap shot by Kyle Greentree.
1:33 of 3rd period - Stopped by Sebastien Caron with a rebound.
1:35 of 3rd period - Snap shot by Kyle Greentree.
1:35 of 3rd period - Shot Misses the Net.
1:37 of 3rd period - Slapshot by Niklas Hjalmarsson.
1:37 of 3rd period - Stopped by Sebastien Caron without a rebound.
1:38 of 3rd period - Petr Sykora wins face-off versus Peter Mueller in Manchots zone.
1:51 of 3rd period - Snap shot by Peter Mueller.
1:51 of 3rd period - Shot Misses the Net.
1:53 of 3rd period - Slapshot by Peter Mueller.
1:53 of 3rd period - Shot Blocked by Stanislav Neckar.
2:10 of 3rd period - Alexander Radulov is hit by Zack Hamill and loses puck.
2:23 of 3rd period - Patrick Wiercioch is hit by Riley Armstrong.
2:27 of 3rd period - Pernell Karl Subban is hit by Joe Colborne and loses puck.
3:02 of 3rd period - Alexander Radulov is hit by Nick Palmieri and loses puck.
4:08 of 3rd period - Tyler Ennis is hit by Joe Colborne and loses puck.
4:19 of 3rd period - Wrist shot by Petr Sykora.
4:19 of 3rd period - Stopped by Jonas Gustavsson with a rebound.
4:21 of 3rd period - Slapshot by Logan Couture.
4:21 of 3rd period - Shot Blocked by Garnet Exelby.
4:51 of 3rd period - Ben Eager is hit by Kyle Greentree and loses puck.
5:05 of 3rd period - Off-side.
5:06 of 3rd period - Logan Couture wins face-off versus Peter Mueller in neutral zone.
5:26 of 3rd period - Snap shot by Steven Stamkos.
5:26 of 3rd period - Deflect By Nathan Gerbe.
5:26 of 3rd period - Stopped by Jonas Gustavsson with a rebound.
5:32 of 3rd period - Stanislav Neckar is hit by Kyle Greentree.
5:55 of 3rd period - Minor Penalty to Martin Hanzal for Holding.
5:56 of 3rd period - Riley Armstrong wins face-off versus Nathan Gerbe in Manchots zone.
6:08 of 3rd period - Off-side.
6:09 of 3rd period - Riley Armstrong wins face-off versus Nathan Gerbe in neutral zone.
6:20 of 3rd period - Snap shot by Nathan Gerbe.
6:20 of 3rd period - Stopped by Sebastien Caron with a rebound.
6:51 of 3rd period - Ruslan Fedotenko is hit by Mats Zuccarello and loses puck.
7:02 of 3rd period - Tomas Kundratek is hit by Petr Sykora and loses puck.
7:55 of 3rd period - Penalty to Martin Hanzal is over, Martin Hanzal is back on ice.
8:16 of 3rd period - Aaron Ward is hit by Nick Palmieri and loses puck.
8:27 of 3rd period - Marco Scandella is hit by Mathieu Dandenault and loses puck.
8:38 of 3rd period - Wrist shot by Ruslan Fedotenko.
8:38 of 3rd period - Shot Misses the Net.
9:04 of 3rd period - Chris Thorburn is hit by Steven Stamkos and loses puck.
9:17 of 3rd period - Wrist shot by Martin Hanzal.
9:17 of 3rd period - Shot Misses the Net.
9:37 of 3rd period - Icing by Nathan Gerbe.
9:38 of 3rd period - Nathan Gerbe wins face-off versus Logan Couture in Knights zone.
9:43 of 3rd period - Eric Fehr is hit by Logan Couture and loses puck.
9:48 of 3rd period - Snap shot by Logan Couture.
9:48 of 3rd period - Stopped by Jonas Gustavsson without a rebound.
9:49 of 3rd period - Nathan Gerbe wins face-off versus Steven Stamkos in Knights zone.
10:04 of 3rd period - Aaron Ward is hit by Eric Fehr and loses puck.
11:15 of 3rd period - Wrist shot by Ben Eager.
11:15 of 3rd period - Goal by Ben Eager - Knights : 4 - Manchots : 5.
11:16 of 3rd period - Logan Couture wins face-off versus Nathan Gerbe in neutral zone.
11:23 of 3rd period - Icing by Garnet Exelby.
11:24 of 3rd period - Nathan Gerbe wins face-off versus Logan Couture in Knights zone.
11:28 of 3rd period - Off-side.
11:29 of 3rd period - Nathan Gerbe wins face-off versus Logan Couture in neutral zone.
11:32 of 3rd period - Wrist shot by Kyle Greentree.
11:32 of 3rd period - Shot Hit the Post.
11:39 of 3rd period - Minor Penalty to Stanislav Neckar for Hooking.
11:39 of 3rd period - Minor Penalty to Nathan Gerbe for Roughing.
11:40 of 3rd period - Eric Fehr wins face-off versus Steven Stamkos in Knights zone.
11:49 of 3rd period - Snap shot by Chris Thorburn.
11:49 of 3rd period - Shot Misses the Net.
11:51 of 3rd period - Slapshot by Niklas Hjalmarsson.
11:51 of 3rd period - Stopped by Sebastien Caron without a rebound.
11:52 of 3rd period - Eric Fehr wins face-off versus Steven Stamkos in Manchots zone.
11:57 of 3rd period - Wrist shot by Chris Thorburn.
11:57 of 3rd period - Goal by Chris Thorburn - Knights : 5 - Manchots : 5.
11:58 of 3rd period - Eric Fehr wins face-off versus Steven Stamkos in neutral zone.
12:39 of 3rd period - Slapshot by Alexander Radulov.
12:39 of 3rd period - Stopped by Jonas Gustavsson with a rebound.
13:21 of 3rd period - Michael Del Zotto is hit by Chris Thorburn and loses puck.
13:39 of 3rd period - Penalty to Stanislav Neckar is over, Stanislav Neckar is back on ice.
13:39 of 3rd period - Penalty to Nathan Gerbe is over, Nathan Gerbe is back on ice.
13:54 of 3rd period - Snap shot by Nathan Gerbe.
13:54 of 3rd period - Stopped by Sebastien Caron without a rebound.
13:55 of 3rd period - Joe Colborne wins face-off versus Martin Hanzal in Manchots zone.
14:05 of 3rd period - Icing by Pernell Karl Subban.
14:06 of 3rd period - Zack Hamill wins face-off versus Martin Hanzal in Manchots zone.
14:11 of 3rd period - Wrist shot by Nick Palmieri.
14:11 of 3rd period - Stopped by Sebastien Caron without a rebound.
14:12 of 3rd period - Zack Hamill wins face-off versus Logan Couture in Manchots zone.
14:13 of 3rd period - Snap shot by Nick Palmieri.
14:13 of 3rd period - Shot Misses the Net.
14:19 of 3rd period - Snap shot by Michael Del Zotto.
14:19 of 3rd period - Shot Blocked by Tomas Kundratek.
14:21 of 3rd period - Wrist shot by Aaron Ward.
14:21 of 3rd period - Shot Blocked by Tomas Kundratek.
14:23 of 3rd period - Slapshot by Michael Del Zotto.
14:23 of 3rd period - Stopped by Jonas Gustavsson with a rebound.
14:25 of 3rd period - Slapshot by Aaron Ward.
14:25 of 3rd period - Shot Blocked by Colton Gillies.
14:27 of 3rd period - Snap shot by Jamie Benn.
14:27 of 3rd period - Stopped by Jonas Gustavsson with a rebound.
14:37 of 3rd period - Eric Fehr is hit by Tyler Ennis and loses puck.
14:46 of 3rd period - Slapshot by Nikita Nikitin.
14:46 of 3rd period - Stopped by Sebastien Caron with a rebound.
15:43 of 3rd period - Minor Penalty to Tyler Ennis for Cross-checking.
15:43 of 3rd period - Minor Penalty to Colton Gillies for Holding.
15:44 of 3rd period - Steven Stamkos wins face-off versus Eric Fehr in neutral zone.
15:51 of 3rd period - Slapshot by Bryan Allen.
15:51 of 3rd period - Deflect By Logan Couture.
15:51 of 3rd period - Goal by Logan Couture - Knights : 5 - Manchots : 6.
15:52 of 3rd period - Eric Fehr wins face-off versus Steven Stamkos in neutral zone.
15:57 of 3rd period - Wrist shot by Chris Thorburn.
15:57 of 3rd period - Shot Blocked by Pernell Karl Subban.
15:59 of 3rd period - Wrist shot by Eric Fehr.
15:59 of 3rd period - Deflect By Chris Thorburn.
15:59 of 3rd period - Shot Misses the Net.
15:59 of 3rd period - Puck is out of play.
16:00 of 3rd period - Steven Stamkos wins face-off versus Eric Fehr in Manchots zone.
16:34 of 3rd period - Snap shot by Eric Fehr.
16:34 of 3rd period - Shot Misses the Net.
16:36 of 3rd period - Snap shot by Chris Thorburn.
16:36 of 3rd period - Stopped by Sebastien Caron without a rebound.
16:37 of 3rd period - Eric Fehr wins face-off versus Steven Stamkos in Manchots zone.
16:52 of 3rd period - Wrist shot by Kyle Greentree.
16:52 of 3rd period - Shot Blocked by Ben Eager.
17:14 of 3rd period - Snap shot by Niklas Hjalmarsson.
17:14 of 3rd period - Shot Misses the Net.
17:16 of 3rd period - Slapshot by Zack Hamill.
17:16 of 3rd period - Stopped by Sebastien Caron without a rebound.
17:17 of 3rd period - Martin Hanzal wins face-off versus Zack Hamill in Manchots zone.
17:43 of 3rd period - Penalty to Tyler Ennis is over, Tyler Ennis is back on ice.
17:43 of 3rd period - Penalty to Colton Gillies is over, Colton Gillies is back on ice.
18:00 of 3rd period - Gustav Nyquist is hit by Michael Del Zotto and loses puck.
18:38 of 3rd period - Snap shot by Peter Mueller.
18:38 of 3rd period - Stopped by Sebastien Caron without a rebound.
18:39 of 3rd period - Mats Zuccarello wins face-off versus Logan Couture in Manchots zone.
18:40 of 3rd period - Slapshot by Chris Thorburn.
18:40 of 3rd period - Deflect By Peter Mueller.
18:40 of 3rd period - Shot Blocked by Pernell Karl Subban.
18:40 of 3rd period - Puck is out of play.
18:41 of 3rd period - Jamie Benn wins face-off versus Zack Hamill in Manchots zone.
18:49 of 3rd period - Slapshot by Colton Gillies.
18:49 of 3rd period - Stopped by Sebastien Caron with a rebound.
18:51 of 3rd period - Snap shot by Colton Gillies.
18:51 of 3rd period - Stopped by Sebastien Caron without a rebound.
18:52 of 3rd period - Paul MacLean call a timeout for Knights.
18:52 of 3rd period - Nathan Gerbe wins face-off versus Riley Armstrong in Manchots zone.
18:53 of 3rd period - Backhand shot by Kyle Greentree.
18:53 of 3rd period - Shot Blocked by Petr Sykora.
18:55 of 3rd period - Snap shot by Nathan Gerbe.
18:55 of 3rd period - Shot Blocked by Aaron Ward.
19:01 of 3rd period - Knights, Jonas Gustavsson is pulled from the net.
19:15 of 3rd period - Wrist shot by Nathan Gerbe.
19:15 of 3rd period - Deflect By Eric Fehr.
19:15 of 3rd period - Shot Misses the Net.
19:15 of 3rd period - Puck is out of play.
19:16 of 3rd period - Riley Armstrong wins face-off versus Nathan Gerbe in Manchots zone.
19:22 of 3rd period - Off-side.
19:23 of 3rd period - Riley Armstrong wins face-off versus Nathan Gerbe in neutral zone.
19:42 of 3rd period - Snap shot by Eric Fehr.
19:42 of 3rd period - Shot Blocked by Ruslan Fedotenko.
19:44 of 3rd period - Slapshot by Kyle Greentree.
19:44 of 3rd period - Stopped by Sebastien Caron without a rebound.
19:45 of 3rd period - Riley Armstrong wins face-off versus Nathan Gerbe in Manchots zone.
Output by the SimonT Hockey Simulator (STHS) for François Prévost -- Original Page W3C XHTML 1.0 Valid